 Dungeon Crawl Stone Soup version 0.29.1-1-gd02db6906a (webtiles) character file.

Game seed: 13479287775241751992

239 Earthwalker the Poker (level 5, -4/47 HPs)
             Began as a Minotaur Fighter on Oct 9, 2022.
             Slain by a two-headed ogre
             ... wielding a +0 giant spiked club
              (10 damage)
             ... on level 4 of the Dungeon.
             The game lasted 00:06:47 (2790 turns).

Earthwalker the Poker (Minotaur Fighter)            Turns: 2790, Time: 00:06:47

Health: -4/47      AC:  7    Str: 21    XL:     5   Next: 79%
Magic:  4/4        EV:  9    Int: 11    God:
Gold:   145        SH:  5    Dex: 11    Spells: 4/4 levels left

rFire   . . .      SeeInvis .   a - +0 trident (flame)
rCold   . . .      Faith    .   c - +1 buckler
rNeg    . . .      Spirit   .   b - +0 scale mail
rPois   .          Reflect  .   (helmet restricted)
rElec   .          Harm     .   (no cloak)
rCorr   .          Rampage  .   (no gloves)
Will    .....                   (no boots)
Stlth   ..........              e - amulet of the acrobat
HPRegen 0.15/turn               n - +6 ring of intelligence
MPRegen 0.09/turn               (no ring)

@: no status effects
A: horns 2, retaliatory headbutt
a: no special abilities


You were on level 4 of the Dungeon.
You visited 1 branch of the dungeon, and saw 4 of its levels.

You collected 145 gold pieces.

Inventory:

Hand Weapons
 a - a +0 trident of flaming (weapon)
Armour
 b - a +0 scale mail (worn)
 c - a +1 buckler (worn)
Magical Staves
 f - a staff of cold
Jewellery
 e - an amulet of the acrobat (around neck)
 n - a +6 ring of intelligence (left hand)
Wands
 l - a wand of roots (4)
Scrolls
 g - a scroll of enchant armour
 t - a scroll of teleportation
Potions
 d - a potion of might
 i - a potion of berserk rage {unknown}
 j - 2 potions of ambrosia {unknown}
 k - 2 potions of flight {unknown}
 m - 3 potions of attraction {unknown}
 o - a potion of magic {unknown}
 s - a potion of brilliance {unknown}
 u - a potion of mutation {unknown}


   Skills:
 * Level 4.3 Fighting
 * Level 4.9 Polearms
 * Level 4.7 Armour
 * Level 1.3 Dodging
 * Level 1.4 Stealth
 * Level 4.3 Shields


You had 4 spell levels left.
You didn't know any spells.
Your spell library was empty.

Dungeon Overview and Level Annotations

Branches:
Dungeon (4/15)
 Temple: D:4-7

Altars:


Innate Abilities, Weirdness & Mutations

You have a pair of horns on your head.
You reflexively headbutt those who attack you in melee.


Message History

Blink to where?
Press: ? - help, Dir - move target
As you read the scroll labelled NOKODW GUIPH, it crumbles to dust.
It was a scroll of blinking.
As you read the scroll labelled UZOFRO ZYVUCALA, it crumbles to dust.
You feel strangely unstable.
It was a scroll of teleportation.
You swap places.
You swap places.
You swap places.
Your surroundings suddenly seem different.
There is a stone staircase leading up here.
There is a stone staircase leading down here.
You climb downwards.
Found 12 gold pieces.
There is a stone staircase leading up here.
You now have 125 gold pieces (gained 12).
You now have 145 gold pieces (gained 20).
A two-headed ogre comes into view.
It is wielding a +0 giant spiked club and a +0 giant club.
Found a manual of Invocations.
The two-headed ogre shouts in stereo!
You hear a shout!
You hear an angry hiss.
You hit the two-headed ogre. You burn the two-headed ogre.
The two-headed ogre is lightly wounded.
A goblin comes into view. It is wielding a +1 dagger of draining.
The two-headed ogre hits you with a +0 giant spiked club!
You block the two-headed ogre's attack.
You puncture the two-headed ogre! You burn the two-headed ogre.
The two-headed ogre is heavily wounded.
You puncture the two-headed ogre! You burn the two-headed ogre.
The two-headed ogre is heavily wounded.
The two-headed ogre hits you with a +0 giant spiked club!!
Ouch! That really hurt!
* * * LOW HITPOINT WARNING * * *
You block the two-headed ogre's attack.
You hear an angry hiss.
You puncture the two-headed ogre! You burn the two-headed ogre.
The two-headed ogre is almost dead.
An iguana comes into view.
The goblin barely misses you.
The two-headed ogre hits you with a +0 giant spiked club!
You die...

.# .. .# # ... .#
.# ...# .# #.#.#
....# l# #.. .
.....# .#.# .#
....###Og#..#
#..#.@.#..# ....
#..###...### .##...
##.......... ......
###.######. ......#
#....#
.......##########.#
#.#
###.....##.....##.#
#.#
..................#
#.#
.......<....##...##
#.#


You could see a two-headed ogre, an iguana and a goblin.

Vanquished Creatures
  A black bear (D:3)
  An orc wizard (D:3)
  4 gnolls (D:3)
  2 adders
  A worm (D:3)
  4 orcs (D:3)
  6 ball pythons
  8 endoplasms
  5 giant cockroaches
  5 goblins
  4 hobgoblins
  2 quokkas
  5 bats
  3 frilled lizards
  4 kobolds
  6 rats
61 creatures vanquished.

Notes
Turn   | Place    | Note
-------+----------+-------------------------------------------
     0 | D:1      | Earthwalker the Minotaur Fighter began the quest for the
                  | Orb.
     0 | D:1      | Reached XP level 1. HP: 19/19 MP: 0/0
   251 | D:1      | Reached XP level 2. HP: 17/27 MP: 1/1
  1178 | D:2      | You fall into a shaft and drop 1 floor!
  1224 | D:3      | Reached XP level 3. HP: 21/33 MP: 2/2
  1383 | D:3      | Reached XP level 4. HP: 17/40 MP: 3/3
  1388 | D:3      | Reached skill level 1 in Stealth
  1474 | D:3      | Noticed a black bear
  1755 | D:2      | Reached skill level 1 in Dodging
  1882 | D:2      | Reached XP level 5. HP: 46/46 MP: 4/4
  2280 | D:3      | Killed a black bear
  2786 | D:4      | Noticed a two-headed ogre
  2790 | D:4      | Slain by a two-headed ogre

Illustrated notes

Levels and vault maps discovered:
D:1:      dpeg_arrival_lava_temple_mockup, layout_basic
D:2:      layout_basic
D:3:      layout_rooms, dk_noncrumbling_3
D:4:      layout_basic, riverfiend_overflow_shadow_ancestor,
          kiku_gazebo_pond_becter, nicolae_overflow_hidden_temple,
          minmay_manual_mail

Skill      XL: |  1  2  3  4 |
---------------+-------------+-----
Armour         | 4 |  4.7
Polearms       | 3 4 |  4.9
Fighting       | 4 |  4.3
Shields        | 4 |  4.3
Stealth        | 1 |  1.4
Dodging        | 1 |  1.3

Action                   |  1- 3 |  4- 6 || total
-------------------------+-------+-------++-------
Melee: Trident           |    72 |    62 ||   134
       Headbutt          |     9 |    12 ||    21
  Use: Scroll            |       |     6 ||     6
Armor: Scale mail        |    18 |    23 ||    41
Dodge: Dodged            |    40 |    30 ||    70
Block: Buckler           |    12 |    12 ||    24
